AoeStats
← Sinsirella

Arena

509881504Analyzed
3v3 RM · 2d ago on Sep 28, 2026· 50m 36s· 6 players
Game mode
Random Map
Map size
Normal (6 player)
Population
200
Speed
Normal
Resources
Standard
Victory
Conquest
Starting age
Dark Age
Ending age
Imperial Age
RankedLock teamsTeams togetherTeam positionsShared explorationLock speedFull tech treeHidden civsTurbo modeCheats
Victory
Defeat
🇩🇪 Shu · Germany
750
+9
🇵🇱 Persians · Poland
599
+14
🇹🇷 Britons · Türkiye
553
+16
🇮🇳 Khmer · India
605
-14
🇹🇷 Khmer · Türkiye
557
-13
🇦🇷 Britons · Argentina
533
-12
Leon S. Kennedy
10:32 Feudal Age
10:52 Double-Bit Axe
10:53 Horse Collar
19:53 Castle Age
18:56 Scale Barding Armor
21:34 Bow Saw
22:46 Heavy Plow
27:49 Gold Mining
27:50 Stone Mining
28:44 Wheelbarrow
28:27 Husbandry
27:54 Pikeman
28:35 Squires
30:01 Hand Cart
30:42 Chain Barding Armor
31:10 Gold Shaft Mining
31:11 Stone Shaft Mining
31:18 Kamandaran
32:14 Loom
35:17 Imperial Age
32:40 Crossbowman
33:37 Thumb Ring
35:01 Caravan
35:05 Padded Archer Armor
35:29 Elite War Elephant
36:14 Halberdier
36:16 Cavalier
39:17 Plate Barding Armor
38:58 Leather Archer Armor
40:14 Savar
46:47 Ring Archer Armor
49:54 Light Cavalry
50:45 Bloodlines
S3r!ousLE3
10:40 Feudal Age
16:13 Castle Age
14:49 Double-Bit Axe
14:48 Horse Collar
17:10 Bow Saw
17:45 Heavy Plow
23:44 Loom
23:45 Town Watch
24:40 Wheelbarrow
24:05 Fletching
28:10 Imperial Age
25:59 Crossbowman
27:10 Hand Cart
26:54 Bodkin Arrow
27:07 Thumb Ring
27:25 Gold Mining
27:40 Stone Mining
28:11 Padded Archer Armor
29:56 Chemistry
29:57 Gold Shaft Mining
29:31 Arbalester
30:16 Bracer
30:44 Ballistics
32:10 Leather Archer Armor
32:06 Siege Engineers
32:55 Conscription
35:16 Bolt Magazine
40:37 Town Patrol
40:49 Onager
42:01 Elite Skirmisher
42:02 Heavy Cavalry Archer
47:38 Treadmill Crane
gunessoley
9:56 Feudal Age
19:35 Castle Age
18:31 Double-Bit Axe
19:38 Horse Collar
20:28 Padded Archer Armor
25:55 Heavy Plow
27:28 Bow Saw
28:04 Leather Archer Armor
28:03 Fletching
28:41 Gold Mining
28:46 Stone Mining
29:28 Bodkin Arrow
29:12 Crossbowman
33:51 Wheelbarrow
34:03 Ballistics
35:12 Gold Shaft Mining
35:26 Forging
40:22 Hand Cart
44:11 Iron Casting
44:00 Caravan
48:07 Imperial Age
48:13 Yeomen
51:01 Chemistry
49:24 Arbalester
49:28 Elite Longbowman
50:09 Warwolf
50:40 Guilds
51:05 Coinage
Sinsirella
0:36 Loom
13:12 Feudal Age
18:11 Castle Age
16:59 Horse Collar
19:14 Double-Bit Axe
21:26 Gold Mining
21:35 Stone Mining
24:42 Wheelbarrow
23:54 Town Watch
25:56 Bow Saw
25:50 Heavy Plow
30:31 Imperial Age
29:52 Scale Barding Armor
29:48 Padded Archer Armor
29:59 Forging
29:56 Caravan
31:21 Chain Barding Armor
31:19 Husbandry
31:36 Leather Archer Armor
33:01 Conscription
32:02 Elite Ballista Elephant
32:44 Tusk Swords
33:37 Iron Casting
34:27 Plate Barding Armor
34:54 Ring Archer Armor
Man_at_arms_rush_FC
11:25 Feudal Age
19:21 Castle Age
17:08 Horse Collar
17:41 Double-Bit Axe
17:56 Gold Mining
18:21 Stone Mining
19:26 Loom
20:17 Wheelbarrow
19:29 Town Watch
20:42 Heavy Plow
20:56 Bow Saw
22:00 Gold Shaft Mining
22:02 Stone Shaft Mining
22:58 Hand Cart
32:04 Imperial Age
29:35 Town Patrol
31:22 Murder Holes
31:48 Ballistics
31:39 Fortified Wall
33:03 Bloodlines
32:54 Husbandry
33:08 Forging
33:04 Scale Barding Armor
32:50 Fletching
33:00 Padded Archer Armor
34:54 Crop Rotation
34:42 Fortified Wall
35:34 Chemistry
35:06 Parthian Tactics
35:21 Iron Casting
35:07 Chain Barding Armor
35:50 Bodkin Arrow
36:10 Leather Archer Armor
36:13 Double Crossbow
35:35 Elite Ballista Elephant
36:36 Conscription
38:54 Blast Furnace
38:43 Siege Engineers
41:32 Bracer
42:02 Ring Archer Armor
42:07 Plate Barding Armor
42:38 Ring Archer Armor
Chafalote
0:54 Loom
11:21 Feudal Age
18:25 Double-Bit Axe
18:27 Horse Collar
24:19 Castle Age
31:39 Imperial Age
29:32 Husbandry
30:36 Padded Archer Armor
30:27 Fletching
30:58 Squires
30:27 Elite Skirmisher
30:34 Crossbowman
31:17 Heavy Plow
31:32 Bow Saw
32:47 Conscription
35:00 Leather Archer Armor
34:41 Bodkin Arrow
36:26 Scale Barding Armor
36:25 Light Cavalry
39:07 Bracer
42:15 Ballistics
42:56 Chemistry
Connection lost

Rejoining the realm…

Still unreachable

The connection could not be restored.

Session expired

The server has moved on; the page needs a fresh start.